 Dungeon Crawl Stone Soup version 0.30-a0-777-ga9a30cbeda (webtiles) character file.

Game seed: 5598256469258830920

273 Datul the Grave Robber (level 6, -7/41 HPs)
             Began as a Demonspawn Necromancer on Feb 13, 2023.
             Was a Follower of Vehumet.
             Mangled by an ogre
             ... wielding a +0 giant spiked club
              (31 damage)
             ... on level 4 of the Dungeon.
             The game lasted 00:15:24 (4038 turns).

Datul the Grave Robber (Demonspawn Necromancer)     Turns: 4038, Time: 00:15:25

Health: -7/41      AC:  4    Str:  8    XL:     6   Next: 3%
Magic:  4/11       EV: 12    Int: 19    God:    Vehumet [*.....]
Gold:   128        SH:  0    Dex: 13    Spells: 7/12 levels left

rFire   . . .      SeeInvis +    A - +1 morningstar (drain)
rCold   . . .      Faith    .    (no shield)
rNeg    . . .      Spirit   .    t - +0 robe of Cacramm {*Corrode +Blink rPois SInv}
rPois   +          Reflect  .    (no helmet)
rElec   .          Harm     .    (no cloak)
rCorr   .          Rampage  .    (no gloves)
Will    .....                    (no boots)
Stlth   ++                       (no amulet)
HPRegen 0.26/turn                (no ring)
MPRegen 0.12/turn                (no ring)

@: no status effects
A: slimy green scales 1, weakness stinger 1
a: Renounce Religion, Evoke Blink


You were on level 4 of the Dungeon.
You worshipped Vehumet.
Vehumet was aware of your devotion.
You visited 1 branch of the dungeon, and saw 4 of its levels.

You collected 128 gold pieces.

Inventory:

Hand Weapons
 c - a +0 dagger
 f - a +0 falchion
 z - a +3 vampiric dagger
 A - a +1 morningstar of draining (weapon)
Missiles
 g - 5 javelins
Armour
 a - a +0 robe
 t - the +0 robe of Cacramm (worn) {*Corrode +Blink rPois SInv}
   (You found it on level 3 of the Dungeon)

   rPois:     It protects you from poison.
   SInv:      It lets you see invisible.
   +Blink:    It lets you blink.
   *Corrode:  It may corrode you when you take damage.
Jewellery
 s - a ring of fire
Wands
 y - a wand of acid (4)
Scrolls
 d - 4 scrolls of teleportation {unknown}
 j - a scroll of torment {unknown}
 k - 2 scrolls of noise {unknown}
 l - a scroll of amnesia {unknown}
 o - 2 scrolls of identify {unknown}
 r - 2 scrolls of blinking {unknown}
 u - a scroll of butterflies {unknown}
 w - 2 scrolls of magic mapping {unknown}
 B - a scroll of fog {unknown}
Potions
 b - a potion of magic
 e - a potion of ambrosia {unknown}
 h - 5 potions of curing {unknown}
 i - a potion of heal wounds {unknown}
 m - 2 potions of flight {unknown}
 p - a potion of brilliance {unknown}
 q - 2 potions of attraction {unknown}
 x - a potion of cancellation {unknown}


   Skills:
 - Level 1.7 Dodging
 - Level 1.7 Stealth
 + Level 3.9 Spellcasting
 + Level 2.5 Conjurations
 + Level 6.0 Necromancy


You had 7 spell levels left.
You knew the following spells:

 Your Spells              Type           Power      Damage    Failure   Level
a - Necrotise             Necr           100%       1d9       1%          1
b - Vampiric Draining     Necr           26%        2d7       3%          3
c - Magic Dart            Conj           52%        1d5       4%          1

Your spell library contained the following spells:

 Spells                   Type           Power      Damage    Failure   Level
 Freeze                   Ice            12%        1d3       14%         1
 Animate Dead             Necr           26%        N/A       12%         4
 Agony                    Necr           26%        N/A       32%         5


Dungeon Overview and Level Annotations

Branches:
Dungeon (4/15) Zot: 19961
 Temple: D:4-7

Altars:
Vehumet

Shops:
D:4 *

Annotations:
D:4 exclusion: phantom, Edmund, Eustachio


Innate Abilities, Weirdness & Mutations

You are partially covered in slimy green scales. (AC +2)
You have a small tail.


Message History

Press: ? - help, Shift-Dir - straight line, f/p - Edmund
Aim: Edmund, wielding a +2 heavy flail and wearing a +0 ring mail (60% to hit)
You throw a throwing net. The throwing net closely misses Edmund.
You climb upwards.
There is a stone staircase leading down here.
There is an open door here.
There is an open door here.
There is a stone staircase leading down here.
There is a stone staircase leading down here.
You climb downwards.
Level annotation: exclusion: phantom, Edmund, Eustachio
There is a stone staircase leading up here.
Found a robe.
An ogre comes into view. It is wielding a +0 giant spiked club.
Found a ring mail.
Casting: Magic Dart (safe; 4% risk of failure)
Confirm with . or Enter, or press ? or * to list all spells.
Aiming: Magic Dart (safe; 4% risk of failure)
Press: ? - help, Shift-Dir - straight line, f - ogre
Aim: an ogre, wielding a +0 giant spiked club (100% to hit)
The magic dart hits the ogre.
The ogre is lightly wounded.
You now have 10/11 mp.
The ogre writhes in agony.
You now have 9/11 mp.
The ogre writhes in agony.
You now have 8/11 mp.
The ogre writhes in agony!
You now have 7/11 mp.
The ogre writhes in agony.
The ogre hits you with a +0 giant spiked club!!
You take 18 damage, and have 23/41 hp.
MASSIVE DAMAGE!!
You now have 6/11 mp.
The ogre writhes in agony.
The ogre closely misses you.
You now have 5/11 mp.
The ogre writhes in agony.
You now have 4/11 mp.
The ogre writhes in agony.
The ogre hits you with a +0 giant spiked club!!
Ouch! That really hurt!
You die...

## ### #
#.### ..#
#.<## ....
##..#### #[.#
#.....####..#
#........[.#
#.........##
##.##..O.##
#####@...#
#....#
#.##..# #.#
#.=.# #.#
..## #.. ..#
#.. # #..


You could see an ogre.

Vanquished Creatures
  An ogre (D:4)
  2 iguanas (D:4)
  5 adders
  2 ufetubi (D:4)
  A worm (D:3)
  3 dart slugs
  8 orcs
  5 ball pythons
  A bat (D:3)
  4 endoplasms
  3 giant cockroaches
  7 goblins
  6 hobgoblins
  3 kobolds
  2 quokkas (D:1)
  3 frilled lizards
  5 rats
61 creatures vanquished.

Vanquished Creatures (collateral kills)
  A dart slug (D:1)
  An endoplasm (D:1)
  A giant cockroach (D:1)
  A quokka (D:4)
  A bat (D:1)
5 creatures vanquished.

Grand Total: 66 creatures vanquished

Notes
Turn   | Place    | Note
-------+----------+-------------------------------------------
     0 | D:1      | Datul the Demonspawn Necromancer began the quest for the
                  | Orb.
     0 | D:1      | Reached XP level 1. HP: 13/13 MP: 3/3
   163 | D:1      | Gained mutation: You have a small tail. [demonic ancestry]
   163 | D:1      | Reached XP level 2. HP: 19/19 MP: 1/5
   649 | D:2      | Reached skill level 5 in Necromancy
   649 | D:2      | Reached XP level 3. HP: 24/24 MP: 2/7
   714 | D:2      | Learned a level 3 spell: Vampiric Draining
  1739 | D:2      | Found a faded altar of an unknown god.
  1748 | D:2      | Prayed at the altar of an unknown god.
  1748 | D:2      | Became a worshipper of Vehumet
  1748 | D:2      | Reached * piety under Vehumet
  1748 | D:2      | Offered knowledge of Magic Dart by Vehumet.
  1751 | D:2      | Learned a level 1 spell: Magic Dart
  2011 | D:3      | Reached XP level 4. HP: 30/30 MP: 6/8
  2055 | D:3      | Identified the +0 robe of Cacramm {*Corrode +Blink rPois
                  | SInv}
  2277 | D:3      | Reached skill level 1 in Conjurations
  2835 | D:4      | Found Xoqosij's Assorted Antiques.
  3025 | D:4      | Reached XP level 5. HP: 35/35 MP: 8/10
  3111 | D:4      | Noticed an ogre
  3144 | D:4      | Killed an ogre
  3329 | D:4      | Offered knowledge of Freeze by Vehumet.
  3330 | D:4      | Noticed Eustachio
  3344 | D:4      | Noticed a phantom
  3409 | D:4      | Reached skill level 6 in Necromancy
  3758 | D:4      | Gained mutation: You are partially covered in slimy green
                  | scales. (AC +2) [demonic ancestry]
  3758 | D:4      | Reached XP level 6. HP: 28/41 MP: 8/11
  3960 | D:4      | Noticed Edmund
  4038 | D:4      | Mangled by an ogre

Illustrated notes

Levels and vault maps discovered:
D:1:      dpeg_arrival_tiny_b, layout_rooms
D:2:      layout_rooms, serial_co_window_serial, co_window_paths_a,
          co_window_paths_b, co_window_corner_a, co_window_cross_1,
          co_window_of_opportunity_a, co_window_of_opportunity_a,
          co_window_paths_a, co_window_corner_a, co_window_paths_a,
          co_window_broadway_c, co_window_2corner, co_window_2corner,
          co_window_corner_b, co_window_4corner_b, glass_columns_a,
          glass_columns_a, glass_columns_a, glass_columns_c, glass_columns_a,
          dreamdust_ecumenical_altar_hidden_monk_grotto
D:3:      layout_loops_corners, nicolae_tso_carved_into_rock,
          minmay_quadrilaterals
D:4:      minmay_recursive_quarters, layout_layer_cave, serial_shops, shop,
          uniq_pikel, uniq_eustachio, uniq_edmund

Skill      XL: |  1  2  3  4  5 |
---------------+----------------+-----
Necromancy     | 5 6 |  6.0
Spellcasting   | 3 |  3.9
Conjurations   | 1 2 |  2.5
Dodging        | |  1.7
Stealth        | |  1.7

Action                     |  1- 3 |  4- 6 || total
---------------------------+-------+-------++-------
  Melee: Dagger            |     8 |     4 ||    12
         Unarmed           |     1 |       ||     1
         Tailslap          |     2 |     2 ||     4
         Morningstar       |       |     3 ||     3
  Throw: Dart              |       |     2 ||     2
         Throwing net      |       |     1 ||     1
   Cast: Necrotise         |    63 |    69 ||   132
         Magic Dart        |       |     9 ||     9
Ability: Evoke Blink       |       |     1 ||     1
  Evoke: Wand              |       |     2 ||     2
 Armour: Robe              |     5 |     4 ||     9
  Dodge: Dodged            |    10 |    21 ||    31

Table legend: (Time is in decaauts)
 A = Elapsed time spent in this place.
 B = Non-inter-level travel time spent in this place.
 C = Inter-level travel time spent in this place.
 D = Time resting spent in this place.
 E = Time spent auto-exploring this place.
 F = Levels seen in this place.
 G = Mean time per level.
                   A        B        C        D        E       F      G
               +--------+--------+--------+--------+--------+-----+--------+
         Total |   4038 |   3932 |    106 |    841 |   2469 |   4 | 1009.5 |
       Dungeon |   4038 |   3932 |    106 |    841 |   2469 |   4 | 1009.5 |
               +--------+--------+--------+--------+--------+-----+--------+

Top non-repeatable levels by time:
     D:4: 1154 daAuts
     D:2: 1149 daAuts
     D:3: 1091 daAuts
     D:1: 642 daAuts
